[Event "November 21 Early 2023"]
[Site "https://www.chess.com"]
[Date "2023.11.21"]
[Round "9"]
[White "udithj22"]
[Black "Reprintsev, Alexander"]
[Result "0-1"]
[Board "144"]
[TimeControl "180+1"]
[BlackFideId "14100541"]
[WhiteElo "2130"]
[BlackElo "2229"]
[BlackTeam "UKR"]
[WhiteClock "0:01:04"]
[BlackClock "0:02:03"]

1. d4 d5 2. Nf3 Nc6 3. c4 e5 4. cxd5 Qxd5 5. Nc3 Bb4 6. dxe5 Qxd1+ 7. Kxd1 Bg4 8. Bf4 Nge7 9. e3 Ng6 10. Bb5 O-O-O+ 11. Ke2 Ncxe5 12. Rhd1 Nxf4+ 13. exf4 Bxf3+ 14. gxf3 Ng6 15. f5 Nf4+ 16. Kf1 Bxc3 17. bxc3 Rd5 18. Rxd5 Nxd5 19. Bc4 c6 20. Bxd5 cxd5 21. Rd1 Rd8 22. Ke2 Kc7 23. Kd3 Kd6 24. Rg1 g6 25. fxg6 hxg6 26. f4 Rh8 27. Rg2 Rh3+ 28. Kd4 Rf3 29. Rg4 Rxf2 30. h4 Rxa2 31. f5 Ra4+ 0-1

[Event "November 21 Early 2023"]
[Site "https://www.chess.com"]
[Date "2023.11.21"]
[Round "9"]
[White "Haitin, Ilja"]
[Black "Mikhailova, Irina"]
[Result "1-0"]
[Board "145"]
[TimeControl "180+1"]
[WhiteFideId "4501764"]
[BlackFideId "4109040"]
[WhiteElo "2221"]
[BlackElo "2009"]
[WhiteTeam "EST"]
[BlackTeam "RUS"]
[WhiteClock "0:01:13"]
[BlackClock "0:01:34"]

1. Nf3 Nf6 2. g3 g6 3. b3 Bg7 4. Bb2 O-O 5. Bg2 d5 6. c4 c6 7. O-O Be6 8. d3 Qd7 9. Ng5 Bf5 10. e4 dxe4 11. dxe4 Qxd1 12. Rxd1 Bg4 13. f3 Bc8 14. Nc3 h6 15. Nh3 e5 16. c5 Na6 17. Ba3 Be6 18. Bf1 Nc7 19. Nf2 Rfd8 20. Be2 Bf8 21. Rxd8 Rxd8 22. Rd1 Rxd1+ 23. Bxd1 Nd7 24. Nd3 f6 25. Kf2 Na6 26. b4 Bxa2 27. Nxa2 1-0

[Event "November 21 Early 2023"]
[Site "https://www.chess.com"]
[Date "2023.11.21"]
[Round "9"]
[White "KorolDimitriy75"]
[Black "Su, Dion"]
[Result "0-1"]
[Board "146"]
[TimeControl "180+1"]
[BlackFideId "2029731"]
[WhiteElo "2331"]
[BlackElo "2395"]
[BlackTeam "USA"]
[WhiteClock "0:00:00"]
[BlackClock "0:00:10"]

1. d4 Nf6 2. c4 e6 3. Nc3 Bb4 4. Qc2 O-O 5. e4 d5 6. cxd5 exd5 7. e5 Ne4 8. Bd3 f5 9. Ne2 c5 10. O-O c4 11. Bxe4 fxe4 12. b3 Nc6 13. bxc4 dxc4 14. Nxe4 b5 15. Be3 Bf5 16. N2g3 Bg6 17. Rad1 Qd5 18. f4 Ne7 19. h3 Nf5 20. Qe2 Nxg3 21. Nxg3 Bd3 22. Rxd3 cxd3 23. Qxd3 Rad8 24. Rf3 Be7 25. Bd2 Qc4 26. Qxc4+ bxc4 27. Bc3 a5 28. Ne4 Bb4 29. f5 Bxc3 30. Rxc3 Rxd4 31. Nd6 Rd5 0-1

[Event "November 21 Early 2023"]
[Site "https://www.chess.com"]
[Date "2023.11.21"]
[Round "9"]
[White "Dishman, Stephen"]
[Black "Silvestre, Christian"]
[Result "1-0"]
[Board "147"]
[TimeControl "180+1"]
[WhiteFideId "403024"]
[BlackFideId "30956269"]
[WhiteElo "2204"]
[BlackElo "2326"]
[WhiteTeam "ENG"]
[BlackTeam "USA"]
[WhiteClock "0:00:23"]
[BlackClock "0:00:42"]

1. d4 c5 2. d5 Nf6 3. Nc3 e6 4. e4 exd5 5. exd5 d6 6. Nf3 Be7 7. Be2 O-O 8. O-O Re8 9. Nd2 Bf5 10. a4 Nbd7 11. Nc4 Nb6 12. Ne3 Bg6 13. a5 Nbd7 14. Nc4 Ne4 15. Nxe4 Bxe4 16. Bf4 Nf6 17. Bf3 Nxd5 18. Bxe4 Nxf4 19. Bxb7 Rb8 20. Bc6 Rf8 21. Qf3 d5 22. Ne5 Ne6 23. Nd7 Nd4 24. Qxd5 Nxc6 25. Qxc6 Rc8 26. Qa4 Bd6 27. Rad1 Qc7 28. Nxf8 Bxh2+ 29. Kh1 Kxf8 30. Rd7 Qe5 31. g3 Bxg3 32. fxg3 Qxg3 33. Rfxf7+ Kg8 34. Rxg7+ Qxg7 35. Rxg7+ Kxg7 36. Qd7+ Kh6 37. Qxc8 1-0

[Event "November 21 Early 2023"]
[Site "https://www.chess.com"]
[Date "2023.11.21"]
[Round "9"]
[White "Der_Balak_3Halak"]
[Black "vinclat"]
[Result "0-1"]
[Board "148"]
[TimeControl "180+1"]
[WhiteElo "2309"]
[BlackElo "2357"]
[WhiteClock "0:00:03"]
[BlackClock "0:00:37"]

1. e4 g6 2. d4 Bg7 3. Nc3 d6 4. Be3 a6 5. Qd2 b5 6. f3 Bb7 7. h4 h5 8. O-O-O Nd7 9. g4 hxg4 10. fxg4 Ngf6 11. Qg2 b4 12. Nd5 Nxd5 13. exd5 Nb6 14. h5 Bxd5 15. Nf3 Qd7 16. hxg6 fxg6 17. Rxh8+ Bxh8 18. Qh3 O-O-O 19. Nh4 Nc4 20. Nxg6 Bf6 21. Nf4 Nxe3 22. Bxa6+ Kb8 23. Qxe3 Bf7 24. Kb1 Qa4 25. Qd3 Bxa2+ 26. Kc1 Bg5 27. Rf1 Rf8 28. b3 Qa5 29. Kb2 Bxf4 30. Ra1 Qa3# 0-1

[Event "November 21 Early 2023"]
[Site "https://www.chess.com"]
[Date "2023.11.21"]
[Round "9"]
[White "Dwilewicz, Katarzyna"]
[Black "Kuchava, Ana"]
[Result "1/2-1/2"]
[Board "149"]
[TimeControl "180+1"]
[WhiteFideId "1148486"]
[BlackFideId "13605348"]
[WhiteElo "2098"]
[BlackElo "1950"]
[WhiteTeam "POL"]
[BlackTeam "GEO"]
[WhiteClock "0:00:05"]
[BlackClock "0:00:04"]

1. e4 c5 2. Nf3 d6 3. Bb5+ Bd7 4. Bxd7+ Qxd7 5. c4 Nc6 6. d4 cxd4 7. Nxd4 Nf6 8. Nc3 g6 9. O-O Bg7 10. Nc2 O-O 11. f3 Rac8 12. Qe2 Na5 13. Ne3 Qc6 14. Ncd5 Rfe8 15. Bd2 Nxd5 16. cxd5 Qb6 17. Rab1 Nc4 18. Kh1 Nxd2 19. Qxd2 Bh6 20. Rfe1 Rc7 21. b3 Rec8 22. Qe2 Rc3 23. Nc4 Qa6 24. Qb2 Bg7 25. e5 R3xc4 26. bxc4 Bxe5 27. Rxe5 dxe5 28. Qxe5 Qxc4 29. h3 Rc7 30. Rd1 Rd7 31. Qb8+ Kg7 32. Qxa7 Rxd5 33. Re1 e6 34. Qe3 Rd3 35. Qe5+ Kg8 36. Qb8+ Kg7 37. Qe5+ Kg8 38. Qb8+ Kg7 39. Qe5+ 1/2-1/2

[Event "November 21 Early 2023"]
[Site "https://www.chess.com"]
[Date "2023.11.21"]
[Round "9"]
[White "Koridze, Lile"]
[Black "SeLaPegoACualquiera"]
[Result "1-0"]
[Board "150"]
[TimeControl "180+1"]
[WhiteFideId "13612514"]
[WhiteElo "2061"]
[BlackElo "2170"]
[WhiteTeam "GEO"]
[WhiteClock "0:00:11"]
[BlackClock "0:00:09"]

1. d4 Nf6 2. c4 c5 3. d5 b5 4. cxb5 a6 5. bxa6 Bxa6 6. Nc3 g6 7. e4 Bxf1 8. Kxf1 d6 9. g3 Nbd7 10. Kg2 Ra6 11. Qe2 Qa8 12. Nb5 Qb7 13. Nc7+ Qxc7 14. Qxa6 Bg7 15. Ne2 O-O 16. Qd3 e6 17. dxe6 fxe6 18. Nc3 Ne5 19. Qd1 Qc6 20. Re1 c4 21. f3 d5 22. exd5 Nxd5 23. Nxd5 exd5 24. Rf1 d4 25. Rb1 c3 26. bxc3 dxc3 27. Qb3+ Kh8 28. Bf4 Nd3 29. Rbd1 Nxf4+ 30. gxf4 Qf6 31. Qc4 Qh4 32. Rde1 h5 33. Re4 Qf6 34. a4 Qf5 35. Rd1 h4 36. h3 g5 37. Rd5 Qf6 38. Rxg5 c2 39. Qxc2 Bh6 40. Rg4 Rd8 41. Qe2 Qc3 42. Re8+ Kh7 43. Qe4# 1-0

[Event "November 21 Early 2023"]
[Site "https://www.chess.com"]
[Date "2023.11.21"]
[Round "9"]
[White "Seletsky, Grigory"]
[Black "thisjuan"]
[Result "1-0"]
[Board "151"]
[TimeControl "180+1"]
[WhiteFideId "14112191"]
[WhiteElo "2482"]
[BlackElo "2241"]
[WhiteTeam "UKR"]
[WhiteClock "0:00:18"]
[BlackClock "0:00:11"]

1. d4 Nf6 2. Nf3 e6 3. g3 c5 4. Bg2 cxd4 5. O-O Nc6 6. Nxd4 Bc5 7. e3 O-O 8. b3 d5 9. Bb2 Nxd4 10. Bxd4 Bxd4 11. Qxd4 Bd7 12. c4 Bc6 13. c5 b6 14. Nc3 bxc5 15. Qxc5 Qb6 16. Qxb6 axb6 17. a4 Rfc8 18. Rfc1 Bd7 19. Bf1 Rc5 20. Na2 Rac8 21. Rxc5 Rxc5 22. Rc1 Ne4 23. Bd3 Rxc1+ 24. Nxc1 Nc5 25. Bc2 Kf8 26. f4 Ke7 27. Kf2 Kd6 28. h4 h6 29. Ne2 f6 30. Ke1 e5 31. Kd2 Bc6 32. Kc3 Bd7 33. Kd2 Bc6 34. Nc3 Bd7 35. b4 Na6 36. Na2 b5 37. a5 Be6 38. Bb3 Bg4 39. Kc3 Be2 40. Nc1 Bf1 41. Bc2 Bg2 42. Bd3 Bf3 43. Bxb5 Nc7 44. Bd3 e4 45. Bc2 Kc6 46. Nb3 Nb5+ 47. Kd2 Na3 48. Nd4+ Kb7 49. Bb3 Nc4+ 50. Bxc4 dxc4 51. Kc3 Bg2 52. Kxc4 Ka6 53. Kd5 Bf1 54. Kxe4 Bg2+ 55. Kf5 Bh3+ 56. Kg6 Bf1 57. Kxg7 Bd3 58. Kxh6 f5 59. Kg5 Be4 60. h5 Bd5 61. h6 Bg8 62. Kxf5 Bh7+ 63. Kf6 Be4 64. g4 Bh7 65. g5 Be4 66. g6 Bxg6 67. Kxg6 Ka7 68. e4 Ka6 69. e5 Ka7 70. f5 Ka6 71. f6 Ka7 1-0

[Event "November 21 Early 2023"]
[Site "https://www.chess.com"]
[Date "2023.11.21"]
[Round "9"]
[White "LLariMarc"]
[Black "Novik, Maxim"]
[Result "1/2-1/2"]
[Board "152"]
[TimeControl "180+1"]
[BlackFideId "4102924"]
[WhiteElo "2238"]
[BlackElo "2306"]
[BlackTeam "LTU"]
[WhiteClock "0:00:46"]
[BlackClock "0:01:03"]

1. d4 Nf6 2. Nf3 g6 3. Bg5 Bg7 4. Nbd2 O-O 5. e3 d5 6. c3 c5 7. Bd3 cxd4 8. cxd4 Nc6 9. O-O Bf5 10. Bxf5 gxf5 11. Bxf6 Bxf6 12. Rc1 e6 13. Nb3 Be7 14. Ne1 Rc8 15. Nd3 Bd6 16. g3 Qe7 17. Kh1 Kg7 18. Nbc5 Rc7 19. Qh5 Rfc8 20. Nf4 Nd8 21. Ncd3 Rxc1 22. Rxc1 Rxc1+ 23. Nxc1 Qc7 24. Ncd3 Qe7 25. Kg2 h6 26. Qd1 Nc6 27. h4 Nb4 28. Nxb4 Bxb4 29. a3 Bd6 30. Nd3 Qc7 31. Qc1 Qc4 32. Qxc4 dxc4 33. Nf4 Bxf4 34. gxf4 b5 35. f3 a5 36. Kf2 b4 37. axb4 axb4 38. Ke2 Kg6 39. e4 fxe4 40. fxe4 f5 41. d5 fxe4 42. dxe6 Kf6 43. f5 c3 44. b3 h5 45. Ke3 Ke7 46. Ke2 Kd6 47. Ke3 Ke7 48. Ke2 Kf6 49. Ke3 Ke7 1/2-1/2

[Event "November 21 Early 2023"]
[Site "https://www.chess.com"]
[Date "2023.11.21"]
[Round "9"]
[White "pinguino120"]
[Black "Pak, Yevgeniy"]
[Result "1-0"]
[Board "153"]
[TimeControl "180+1"]
[BlackFideId "14201712"]
[WhiteElo "2231"]
[BlackElo "2320"]
[BlackTeam "KAZ"]
[WhiteClock "0:00:32"]
[BlackClock "0:00:29"]

1. e4 e5 2. Nf3 Nf6 3. Nxe5 d6 4. Nf3 Nxe4 5. Nc3 Nf6 6. d4 d5 7. Bd3 Bd6 8. O-O O-O 9. Ne2 h6 10. Bf4 c6 11. Bxd6 Qxd6 12. Ng3 Bg4 13. h3 Bxf3 14. Qxf3 Nbd7 15. Nf5 Qb4 16. Qg3 Nh5 17. Nxh6+ Kh8 18. Qh4 Ndf6 19. Nf5 g6 20. g4 gxf5 21. gxh5 Rg8+ 22. Kh1 Qd6 23. Rg1 Ne4 24. h6 Kh7 25. Rg7+ Kh8 26. Rag1 Qf6 27. Qxf6 Nxf6 28. Bxf5 Rxg7 29. Rxg7 Nh5 30. Rxf7 Nf4 31. Rxb7 Ne2 32. c3 Rg8 33. Rh7# 1-0

[Event "November 21 Early 2023"]
[Site "https://www.chess.com"]
[Date "2023.11.21"]
[Round "9"]
[White "Mushini Ajay"]
[Black "Cueto, Jonny"]
[Result "1-0"]
[Board "154"]
[TimeControl "180+1"]
[WhiteFideId "35066188"]
[BlackFideId "3300145"]
[WhiteElo "2162"]
[BlackElo "2155"]
[WhiteTeam "IND"]
[BlackTeam "BOL"]
[WhiteClock "0:00:26"]
[BlackClock "0:00:02"]

1. e4 e6 2. d4 d5 3. Nc3 Nf6 4. e5 Nfd7 5. f4 c5 6. Nf3 Nc6 7. Be3 Be7 8. Be2 a6 9. O-O g6 10. dxc5 Nxc5 11. Nd4 O-O 12. Kh1 Nxd4 13. Bxd4 b5 14. a4 b4 15. Nb1 Bb7 16. Nd2 Rc8 17. c3 Ne4 18. Nxe4 dxe4 19. a5 Qd5 20. Qe1 Rfd8 21. Bb6 Rd7 22. cxb4 Qb3 23. b5 Bb4 24. Qg3 Qxb2 25. bxa6 Ba8 26. Bb5 Rd2 27. Be3 Rdc2 28. Rab1 Qa3 29. f5 exf5 30. Rxf5 Rc1+ 31. Rxc1 Rxc1+ 32. Bxc1 Qxc1+ 33. Rf1 Qc5 34. e6 Bc6 35. exf7+ Kf8 36. Bxc6 Qxc6 37. Qb8+ Kg7 38. f8=Q+ Bxf8 39. Qxf8# 1-0

[Event "November 21 Early 2023"]
[Site "https://www.chess.com"]
[Date "2023.11.21"]
[Round "9"]
[White "Osmonbekov, Talaibek"]
[Black "Ambrogi, Agustin"]
[Result "0-1"]
[Board "155"]
[TimeControl "180+1"]
[WhiteFideId "2017253"]
[BlackFideId "170933"]
[WhiteElo "2135"]
[BlackElo "2214"]
[WhiteTeam "USA"]
[BlackTeam "ARG"]
[WhiteClock "0:00:00"]
[BlackClock "0:01:43"]

1. d4 Nf6 2. Nc3 d5 3. Bf4 Bf5 4. e3 e6 5. Nf3 Bd6 6. Ne5 O-O 7. g4 Bg6 8. h4 h5 9. g5 Bxe5 10. Bxe5 Nfd7 11. Bg3 c5 12. Bd3 Bxd3 13. Qxd3 g6 14. Bd6 Re8 15. dxc5 Na6 16. Qd4 Rc8 17. b4 b6 18. c6 Rxc6 19. b5 Rc4 20. Qd2 Qc8 21. bxa6 Rxc3 22. O-O Rxc2 23. Qb4 Rc4 24. Qb2 Qxa6 25. Bg3 Rec8 26. Rfc1 b5 27. a3 Qc6 28. Rxc4 bxc4 29. Qc3 Nc5 30. Be5 Ne4 31. Qc2 c3 32. Rc1 Qc4 33. Bd4 a6 34. Rb1 Nd2 0-1

[Event "November 21 Early 2023"]
[Site "https://www.chess.com"]
[Date "2023.11.21"]
[Round "9"]
[White "Marin Pincheira, Carlos"]
[Black "EdmundPlayer"]
[Result "1-0"]
[Board "156"]
[TimeControl "180+1"]
[WhiteFideId "3407543"]
[WhiteElo "2080"]
[BlackElo "2220"]
[WhiteTeam "CHI"]
[WhiteClock "0:00:10"]
[BlackClock "0:00:03"]

1. e4 c6 2. d4 d5 3. Nc3 dxe4 4. Nxe4 Nf6 5. Nxf6+ exf6 6. Nf3 Bg4 7. Be2 Bd6 8. O-O O-O 9. Be3 Re8 10. h3 Bh5 11. c4 Nd7 12. c5 Bc7 13. d5 cxd5 14. Qxd5 Ne5 15. Qxd8 Raxd8 16. g4 Bg6 17. Nxe5 fxe5 18. Rfd1 Be4 19. b4 a6 20. a4 Rxd1+ 21. Rxd1 Rd8 22. Rxd8+ Bxd8 23. b5 axb5 24. axb5 Kf8 25. f4 f6 26. fxe5 fxe5 27. Bc4 h6 28. Kf2 Ke7 29. c6 bxc6 30. Bc5+ Ke8 31. b6 Kd7 32. Ke3 Bg2 33. h4 Kc8 34. Ba6+ Kd7 35. Bd3 Bxh4 36. Bf5+ Ke8 37. b7 Bg5+ 38. Kf2 1-0

[Event "November 21 Early 2023"]
[Site "https://www.chess.com"]
[Date "2023.11.21"]
[Round "9"]
[White "rikchessmx"]
[Black "Mangialardo, Tiago Carvalho"]
[Result "1-0"]
[Board "157"]
[TimeControl "180+1"]
[BlackFideId "2130718"]
[WhiteElo "2310"]
[BlackElo "2151"]
[BlackTeam "BRA"]
[WhiteClock "0:00:06"]
[BlackClock "0:00:00"]

1. e3 e5 2. d4 exd4 3. exd4 Nf6 4. Nf3 d5 5. Bd3 Bd6 6. O-O O-O 7. Bg5 h6 8. Bh4 Bg4 9. Nbd2 c5 10. dxc5 Bxc5 11. c3 Nc6 12. Qb3 Bb6 13. Qa4 Bh5 14. Qf4 Bc7 15. Bxf6 Bxf4 16. Bxd8 Raxd8 17. g3 Bc7 18. Kg2 f5 19. Nb3 f4 20. Nfd4 f3+ 21. Kg1 Ne5 22. Rad1 Rf6 23. Rfe1 Bg4 24. Bf1 Nc4 25. Rb1 Nd6 26. Nc5 b6 27. Nd3 Ne4 28. Nb5 Bb8 29. c4 a6 30. cxd5 axb5 31. Rxe4 Bf5 32. Rd4 Bd6 33. a3 Bc5 34. Nxc5 Bxb1 35. Ne6 1-0

[Event "November 21 Early 2023"]
[Site "https://www.chess.com"]
[Date "2023.11.21"]
[Round "9"]
[White "Kornyukov, Alexey"]
[Black "DonCiao"]
[Result "0-1"]
[Board "158"]
[TimeControl "180+1"]
[WhiteFideId "4150457"]
[WhiteElo "2352"]
[BlackElo "2127"]
[WhiteTeam "RUS"]
[WhiteClock "0:01:28"]
[BlackClock "0:01:07"]

1. d4 Nf6 2. Nc3 d5 3. Bg5 Nbd7 4. Nf3 g6 5. e3 Bg7 6. Bd3 O-O 7. Qd2 c5 8. dxc5 Nxc5 9. O-O-O Qb6 10. h4 Nce4 11. Bxe4 Nxe4 12. Qxd5 Nxc3 13. bxc3 Be6 14. Qe4 Bxc3 15. Rd3 Qb2+ 16. Kd1 Qb1+ 17. Ke2 Qxh1 18. Rxc3 Qxg2 19. Bxe7 Rfe8 20. Bf6 Bg4 21. Qf4 Bxf3+ 22. Qxf3 Qxf3+ 23. Kxf3 Rac8 24. Rxc8 Rxc8 25. c3 Rc6 26. Bd4 Ra6 0-1

[Event "November 21 Early 2023"]
[Site "https://www.chess.com"]
[Date "2023.11.21"]
[Round "9"]
[White "Golubenko, Valentina"]
[Black "Zepeda Berlanga, Jan Enrique"]
[Result "1-0"]
[Board "159"]
[TimeControl "180+1"]
[WhiteFideId "4501993"]
[BlackFideId "5132355"]
[WhiteElo "2126"]
[BlackElo "1680"]
[WhiteTeam "CRO"]
[BlackTeam "MEX"]
[WhiteClock "0:01:18"]
[BlackClock "0:00:00"]

1. d4 Nf6 2. g3 g6 3. Bg2 Bg7 4. c4 O-O 5. Nc3 d6 6. d5 c5 7. dxc6 Nxc6 8. Nf3 Bf5 9. O-O Rc8 10. Bd2 Qd7 11. Rc1 a6 12. b3 Bh3 13. Bf4 Rfd8 14. e4 Bxg2 15. Kxg2 h5 16. Nd5 Nxd5 17. exd5 Ne5 18. Nxe5 dxe5 19. Bg5 b5 20. Qe2 bxc4 21. bxc4 f6 22. Be3 e6 23. Rfd1 exd5 24. cxd5 Rxc1 25. Bxc1 Qb7 26. Qc4 Rd6 27. Ba3 Rd7 28. Kg1 Bf8 29. d6+ Kg7 30. Qe6 Qb5 31. Rc1 Kh6 32. Rc7 1-0

[Event "November 21 Early 2023"]
[Site "https://www.chess.com"]
[Date "2023.11.21"]
[Round "9"]
[White "Minina, Veronika"]
[Black "bn1462"]
[Result "1-0"]
[Board "160"]
[TimeControl "180+1"]
[WhiteFideId "4174780"]
[WhiteElo "1905"]
[BlackElo "1862"]
[WhiteTeam "RUS"]
[WhiteClock "0:00:28"]
[BlackClock "0:00:00"]

1. Nf3 d5 2. g3 Nf6 3. Bg2 e6 4. O-O Be7 5. c4 O-O 6. d4 c6 7. Qc2 b6 8. Nbd2 Bb7 9. e4 Na6 10. e5 Nd7 11. cxd5 exd5 12. h4 Rc8 13. Re1 c5 14. Qb1 Nb4 15. a3 Nc6 16. Nf1 cxd4 17. Ng5 Bxg5 18. Bxg5 f6 19. Bxd5+ Kh8 20. e6 fxg5 21. Bxc6 Rxc6 22. e7 Qe8 23. exf8=Q+ Qxf8 24. Qe4 Nc5 25. Qxd4 gxh4 26. Qf4 Rf6 27. Qe3 Ne4 28. f4 hxg3 29. Nd2 Nxd2 30. Qxd2 Rxf4 31. Qxf4 Qc5+ 32. Qe3 1-0

[Event "November 21 Early 2023"]
[Site "https://www.chess.com"]
[Date "2023.11.21"]
[Round "9"]
[White "Skiadopoulos, Nikolaos"]
[Black "Andersson, Bjorn 1971"]
[Result "1-0"]
[Board "161"]
[TimeControl "180+1"]
[WhiteFideId "4200772"]
[BlackFideId "1702114"]
[WhiteElo "2022"]
[BlackElo "2172"]
[WhiteTeam "GRE"]
[BlackTeam "SWE"]
[WhiteClock "0:01:18"]
[BlackClock "0:01:34"]

1. e4 c5 2. c3 d6 3. Bb5+ Bd7 4. Qe2 g6 5. Nf3 Bg7 6. O-O a6 7. Bxd7+ Qxd7 8. d4 Nc6 9. d5 Ne5 10. Nxe5 Bxe5 11. f4 Bg7 12. f5 Be5 13. Bf4 Nf6 14. Bxe5 dxe5 15. Nd2 O-O-O 16. Nc4 b5 17. Nxe5 Qe8 18. a4 Nd7 19. Nc6 Nb6 20. axb5 Rd6 21. Rxa6 Rxc6 22. bxc6 Kc7 23. Rfa1 Qd8 24. Qb5 Nc8 25. Qxc5 Qd6 26. Ra7+ Nxa7 27. Qxa7+ Kd8 28. Qa8+ 1-0

[Event "November 21 Early 2023"]
[Site "https://www.chess.com"]
[Date "2023.11.21"]
[Round "9"]
[White "Filippova, Margarita"]
[Black "Osiecki, Stanislaw"]
[Result "1-0"]
[Board "162"]
[TimeControl "180+1"]
[WhiteFideId "34199680"]
[BlackFideId "1102990"]
[WhiteElo "1916"]
[BlackElo "2048"]
[WhiteTeam "RUS"]
[BlackTeam "POL"]
[WhiteClock "0:01:24"]
[BlackClock "0:00:00"]

1. e4 e6 2. d4 d5 3. e5 c5 4. c3 Nc6 5. Nf3 Qb6 6. Na3 cxd4 7. cxd4 Bxa3 8. bxa3 Qa5+ 9. Qd2 Qxd2+ 10. Bxd2 Nge7 11. Bd3 Bd7 12. Ke2 O-O 13. h4 a6 14. a4 Na7 15. a5 Bb5 16. Rab1 Rfc8 17. a4 Bxd3+ 18. Kxd3 Rab8 19. Rhc1 Rxc1 20. Rxc1 Rc8 21. Rb1 Rc7 22. Ne1 Nac6 23. Nc2 Kf8 24. g4 f6 25. f4 f5 26. g5 g6 27. Rb6 Kg7 28. Nb4 h5 29. Na2 Kf7 30. Rb2 Ke8 31. Bc3 Kd7 32. Nc1 Kc8 33. Nb3 Nd8 34. Nc5 Nec6 35. Rb6 Re7 36. Bb4 Rf7 37. Ba3 Rg7 38. Nb3 Rf7 39. Bd6 Rg7 40. Nc5 Nxa5 41. Bf8 Rf7 42. Bd6 Nc4 43. Rb1 Nxd6 44. exd6 Nc6 45. d7+ 1-0

[Event "November 21 Early 2023"]
[Site "https://www.chess.com"]
[Date "2023.11.21"]
[Round "9"]
[White "Pasmendjambvirgulptipon98"]
[Black "Sanchez Alvares, Kelvin Antonio"]
[Result "0-1"]
[Board "163"]
[TimeControl "180+1"]
[BlackFideId "3906680"]
[WhiteElo "2200"]
[BlackElo "2217"]
[BlackTeam "VEN"]
[WhiteClock "0:00:00"]
[BlackClock "0:00:42"]

1. e4 e5 2. Nf3 Nc6 3. Bc4 Bc5 4. c3 Nf6 5. d3 d6 6. h3 a5 7. a4 h6 8. Nbd2 Be6 9. Bb5 O-O 10. O-O Ne7 11. d4 exd4 12. cxd4 Bb4 13. d5 Bd7 14. Bd3 Ng6 15. Nc4 Re8 16. Qc2 Nh5 17. Bd2 Bc5 18. Be3 Bb4 19. Qc1 Qf6 20. Bd4 Qf4 21. Be3 Qf6 22. Bd4 Ne5 23. Ncxe5 dxe5 24. Be3 Bxh3 25. Nxe5 Rxe5 26. gxh3 Qh4 27. Kg2 Bd6 28. f4 Qg3+ 29. Kh1 Qxh3+ 30. Kg1 Rg5+ 31. Kf2 Rg3 32. e5 Rg2+ 33. Ke1 Bb4+ 34. Kd1 Qg4+ 0-1

[Event "November 21 Early 2023"]
[Site "https://www.chess.com"]
[Date "2023.11.21"]
[Round "9"]
[White "Dilmukhametov, Artur"]
[Black "Vlasova, Nataliya"]
[Result "0-1"]
[Board "164"]
[TimeControl "180+1"]
[WhiteFideId "24179922"]
[BlackFideId "4122682"]
[WhiteElo "2176"]
[BlackElo "1939"]
[WhiteTeam "RUS"]
[BlackTeam "RUS"]
[WhiteClock "0:00:00"]
[BlackClock "0:00:05"]

1. e4 d5 2. exd5 Qxd5 3. Nc3 Qa5 4. d4 Nf6 5. Nf3 Bg4 6. h3 Bxf3 7. Qxf3 c6 8. Bc4 e6 9. O-O Bd6 10. Bg5 Qxg5 11. Rfe1 O-O 12. Rad1 Nbd7 13. Bd3 Nh5 14. Ne4 Qh6 15. Nxd6 f5 16. Nc4 Rf6 17. Ne5 Nxe5 18. dxe5 Rg6 19. Kh2 Nf4 20. Bf1 Nd5 21. c4 Nb6 22. Rd6 Rf8 23. Red1 Qh4 24. g3 Qe7 25. b3 Rh6 26. a4 f4 27. g4 a5 28. Qc3 Qg5 29. Qf3 Qxe5 30. Rd8 Qf6 31. Rxf8+ Qxf8 32. Qc3 Qc5 33. Rd8+ Kf7 34. Qd2 Rf6 35. Bg2 f3 36. Bf1 Qe5+ 37. Kg1 Qc7 38. c5 Nd5 39. Rxd5 cxd5 40. Qd4 Rf4 41. Qe3 Rb4 42. Qxf3+ Qf4 43. Bb5 Qxf3 44. Kh2 Rxb3 0-1

[Event "November 21 Early 2023"]
[Site "https://www.chess.com"]
[Date "2023.11.21"]
[Round "9"]
[White "Bazzano, Sebastian"]
[Black "Nikulina, Alena"]
[Result "1-0"]
[Board "165"]
[TimeControl "180+1"]
[WhiteFideId "104566"]
[BlackFideId "4172051"]
[WhiteElo "2332"]
[BlackElo "1627"]
[WhiteTeam "ARG"]
[BlackTeam "RUS"]
[WhiteClock "0:00:29"]
[BlackClock "0:00:00"]

1. d4 d5 2. Bf4 e6 3. e3 c5 4. c3 Nf6 5. Nd2 Bd6 6. Bg3 Nc6 7. Ngf3 Bxg3 8. hxg3 cxd4 9. exd4 Qc7 10. Bb5 a6 11. Bxc6+ bxc6 12. O-O O-O 13. b4 a5 14. a3 Ba6 15. Re1 h6 16. Ne5 Nd7 17. Nb3 Nxe5 18. Rxe5 axb4 19. axb4 Bc4 20. Na5 Bb5 21. Qg4 Qe7 22. Rae1 Qc7 23. Qf4 Rxa5 24. bxa5 Qxa5 25. R5e3 Qa3 26. g4 Bc4 27. g5 hxg5 28. Qxg5 Qd6 29. Rg3 g6 30. Rh3 Kg7 31. Ree3 f5 32. Reg3 Rf6 33. Qh6+ Kf7 34. Qh7+ Ke8 35. Qg7 Qf8 36. Rh8 Qxh8 37. Qxh8+ Ke7 38. Qg7+ Rf7 39. Qe5 1-0

[Event "November 21 Early 2023"]
[Site "https://www.chess.com"]
[Date "2023.11.21"]
[Round "9"]
[White "Gyulamiryan-koryun"]
[Black "Zoete, Roelant"]
[Result "0-1"]
[Board "166"]
[TimeControl "180+1"]
[BlackFideId "40103269"]
[WhiteElo "1902"]
[BlackElo "2234"]
[BlackTeam "NED"]
[WhiteClock "0:00:10"]
[BlackClock "0:01:04"]

1. e4 e5 2. Nf3 Nc6 3. d4 exd4 4. Bc4 Bc5 5. c3 Nf6 6. e5 d5 7. Bb5 Ne4 8. cxd4 Bb4+ 9. Bd2 Nxd2 10. Nbxd2 Bd7 11. O-O a6 12. Ba4 O-O 13. Bb3 Ne7 14. a3 Ba5 15. Ba2 c6 16. b4 Bc7 17. Rc1 f6 18. Re1 fxe5 19. Nxe5 Bf5 20. Qe2 Nc8 21. Ndf3 Nd6 22. Bb1 Ne4 23. Bxe4 Bxe4 24. Qd2 a5 25. Rc5 axb4 26. axb4 Bxe5 27. Nxe5 Qh4 28. f3 Bf5 29. Rb1 Bxb1 30. Qb2 Ra2 0-1

[Event "November 21 Early 2023"]
[Site "https://www.chess.com"]
[Date "2023.11.21"]
[Round "9"]
[White "Mirza, Diana"]
[Black "Van Osch, Mees"]
[Result "0-1"]
[Board "167"]
[TimeControl "180+1"]
[WhiteFideId "2503999"]
[BlackFideId "1035967"]
[WhiteElo "1813"]
[BlackElo "2324"]
[WhiteTeam "IRL"]
[BlackTeam "NED"]
[WhiteClock "0:00:18"]
[BlackClock "0:01:22"]

1. e4 e6 2. d3 d5 3. Nd2 Nf6 4. Ngf3 c5 5. g3 b6 6. Bg2 Bb7 7. O-O Be7 8. Re1 O-O 9. Qe2 Nc6 10. e5 Nd7 11. Nf1 a5 12. h4 Nd4 13. Nxd4 cxd4 14. Nh2 Rc8 15. Bf4 Bb4 16. Rf1 a4 17. a3 Be7 18. Ng4 Rc6 19. Rac1 f5 20. exf6 Nxf6 21. Ne5 Rc8 22. Ng4 Qd7 23. Rfe1 Nxg4 24. Qxg4 Rc6 25. Be5 Rf7 26. Bxd4 Bc8 27. h5 Qd6 28. Be5 Qc5 29. d4 Qb5 30. h6 g6 31. c4 Rxc4 32. Rxc4 Qxc4 33. Re3 Qc1+ 34. Bf1 Qxb2 35. Rf3 Rxf3 36. Qxf3 Qxa3 37. Qc3 Qxc3 0-1

[Event "November 21 Early 2023"]
[Site "https://www.chess.com"]
[Date "2023.11.21"]
[Round "9"]
[White "Fernandez Sanchez, Mario Andres"]
[Black "Narek_Ghimoyan"]
[Result "1-0"]
[Board "168"]
[TimeControl "180+1"]
[WhiteFideId "6501621"]
[WhiteElo "2050"]
[BlackElo "2218"]
[WhiteTeam "CRC"]
[WhiteClock "0:01:22"]
[BlackClock "0:01:49"]

1. d4 Nf6 2. Bf4 d6 3. Nc3 g6 4. e4 Bg7 5. Qd2 O-O 6. O-O-O Nbd7 7. Bh6 e5 8. d5 Re8 9. h4 Nf8 10. f3 a6 11. g4 b5 12. h5 Qe7 13. Bxg7 Kxg7 14. hxg6 fxg6 15. Nh3 Bd7 16. Ne2 Kg8 17. Ng3 Qg7 18. Bd3 h6 19. Rdg1 g5 20. Nf5 Bxf5 21. gxf5 Kf7 22. Nxg5+ hxg5 23. Rxg5 N8h7 24. Rxg7+ Kxg7 25. Qh6+ Kf7 26. Qg6+ Ke7 27. Rxh7+ Nxh7 28. Qxh7+ Kd8 29. f6 1-0